 Dungeon Crawl Stone Soup version 0.28.0-43-g3370ac3207 (webtiles) character file.

Game seed: 15536062673575825107

2 weregamer the Chiller (level 1, -25/14 HPs)
             Began as a Draconian Ice Elementalist on Mar 28, 2022.
             Killed by an exploding giant cockroach (34 damage)
             ... ignited by their inner flame
             ... on level 1 of the Dungeon.
             The game lasted 00:04:19 (64 turns).

weregamer the Chiller (Draconian Ice Elementalist)    Turns: 64, Time: 00:04:26

Health: -25/14     AC:  4    Str: 10    XL:     1   Next: 25%
Magic:  2/3        EV: 12    Int: 15    God:
Gold:   0          SH:  0    Dex: 11    Spells: 3/4 levels left

rFire   . . .      SeeInvis .   c - +0 whip
rCold   . . .      Faith    .   (no shield)
rNeg    . . .      Spirit   .   (armour unavailable)
rPois   .          Reflect  .   (helmet restricted)
rElec   .          Harm     .   (no cloak)
rCorr   .          Rampage  .   (no gloves)
Will    .....                   (no boots)
Stlth   ++........              (no amulet)
HPRegen 0.04/turn               (no ring)
MPRegen 0.08/turn               (no ring)

@: no status effects
A: AC +4, unfitting armour, cold-blooded
a: no special abilities


You were on level 1 of the Dungeon.
You visited 1 branch of the dungeon, and saw 1 of its levels.

Inventory:

Hand Weapons
 c - a +0 whip (weapon)
Armour
 a - a +0 robe


   Skills:
 + Level 1.7 Dodging
 + Level 1.7 Stealth
 + Level 2.1 Spellcasting
 * Level 4.0 Ice Magic


You had 3 spell levels left.
You knew the following spells:

 Your Spells              Type           Power      Damage    Failure   Level
a - Freeze                Ice            52%        1d7       4%          1

Your spell library contained the following spells:

 Spells                   Type           Power      Damage    Failure   Level
 Frozen Ramparts          Ice            26%        1d4       13%         3
 Ozocubu's Armour         Ice            13%        N/A       13%         3
 Hailstorm                Conj/Ice       7%         3d4       67%         4


Dungeon Overview and Level Annotations

Branches:
Dungeon (1/15)

Altars:


Innate Abilities, Weirdness & Mutations

Your plain brown scales are hard. (AC +4)
You cannot fit into any form of body armour.
You are cold-blooded and may be slowed by cold attacks.


Message History

You don't know that spell.
Okay, then.
The endoplasm hits you but does no damage.
You freeze the endoplasm.
The endoplasm is moderately wounded.
The endoplasm barely misses you.
You miscast Freeze.
You are very lightly contaminated with residual magic.
Nothing appears to happen.
The endoplasm hits you.
You freeze the endoplasm.
You kill the endoplasm!
You see here a scroll labelled WUUR TOUXIUS.
Your magical contamination has completely faded away.
You see here a scroll labelled WUUR TOUXIUS.
You see here a scroll labelled WUUR TOUXIUS.
b - a scroll labelled WUUR TOUXIUS You barely miss the rat.
The rat bites you.
You completely miss the rat. The rat barely misses you.
You hit the rat.
You kill the rat!
A giant cockroach comes into view.
You see here a +0 whip.
c - a +0 whip
c - a +0 whip (weapon)
You see here a scroll labelled YROISA OXITI.
As you read the scroll labelled YROISA OXITI, it crumbles to dust.
You hear a loud clanging noise!
It was a scroll of noise.
You hear a shout! x2; You hear an angry hiss.
As you read the scroll labelled WUUR TOUXIUS, it crumbles to dust.
The creatures around you are filled with an inner flame!
It was a scroll of immolation.
The giant cockroach bites you.
You hit the giant cockroach.
Flame seeps out of the giant cockroach.
The giant cockroach is moderately wounded.
The giant cockroach is engulfed in blazing flames.
The giant cockroach explodes!
The fiery explosion engulfs you!!
Ouch! That really hurt!
You die...

#####..........####.
....................
##.....###.......
#####...............
...............##.#.
#.#####†........##...
.###.##.................
.....§§§................
.....§○@................
......§§................
.....#####............##
.#.# #...♣.♣.♣.♣..#. #
#...........##.
............'..
...........'..
...........'..
........##.


There were no monsters in sight!

Vanquished Creatures
  An endoplasm (D:1)
  A giant cockroach (D:1)
  A rat (D:1)
3 creatures vanquished.

Notes
Turn   | Place    | Note
-------+----------+-------------------------------------------
     0 | D:1      | weregamer the Draconian Ice Elementalist began the quest
                  | for the Orb.
     0 | D:1      | Reached XP level 1. HP: 14/14 MP: 3/3
    64 | D:1      | Killed by an exploding giant cockroach... ignited by their
                  | inner flame

Illustrated notes

Levels and vault maps discovered:
D:1:      wander_arrival_estate, layout_basic, minmay_heptomino_d4

Action                   || total
-------------------------++-------
Melee: Unarmed           ||     3
       Whip              ||     1
 Cast: Freeze            ||     2
  Use: Scroll            ||     2
Armor: Skin              ||     1
Dodge: Dodged            ||     2
